 Dungeon Crawl Stone Soup version 0.21-a0-509-gecc5317 (webtiles) character file.

112 Gerstahl the Slasher (level 4, -3/44 HPs)
             Began as a Naga Gladiator on Dec 1, 2017.
             Slain by a wight
             ... wielding a +1 battleaxe
              (13 damage)
             ... on level 3 of the Dungeon.
             The game lasted 00:03:51 (1937 turns).

Gerstahl the Slasher (Naga Gladiator)               Turns: 1937, Time: 00:03:52

Health: -3/44      AC:  3    Str: 21    XL:     4   Next: 95%
Magic:  4/4        EV: 14    Int:  8    God:
Gold:   169        SH:  0    Dex: 13    Spells: 3/3 levels left

rFire    . . .     SeeInvis +   a - +0 long sword
rCold    . . .     Gourm    .   (no shield)
rNeg     . . .     Faith    .   b - +0 leather armour
rPois    +         Spirit   .   c - +0 helmet
rElec    .         Reflect  .   (no cloak)
rCorr    .         Harm     .   (no gloves)
MR       .....                  (no barding)
Stlth    +.........             (no amulet)
HPRegen  0.14/turn              q - +5 ring of evasion
MPRegen  0.09/turn              p - +4 ring of strength

@: drained, very slow
A: large, see invisible, deformed body, poison resistance, slowness 2, slow
metabolism 1, spit poison 1, AC +1
a: Spit Poison


You were on level 3 of the Dungeon.
You were not hungry.

You visited 1 branch of the dungeon, and saw 3 of its levels.

You collected 169 gold pieces.

Inventory:

Hand Weapons
 a - a +0 long sword (weapon)
Missiles
 d - 3 throwing nets (quivered)
Armour
 b - a +0 leather armour (worn)
 c - a +0 helmet (worn)
Jewellery
 i - a cursed ring of loudness {unknown}
 p - a +4 ring of strength (right hand)
 q - a +5 ring of evasion (left hand)
Wands
 t - a wand of acid (10)
Scrolls
 h - 2 scrolls of teleportation {unknown}
 j - a scroll of amnesia {unknown}
 l - 2 scrolls of enchant armour {unknown}
 n - 2 scrolls of remove curse {unknown}
 s - a scroll of fog {unknown}
 v - 3 scrolls of fear {unknown}
 w - 2 scrolls of identify {unknown}
 y - a scroll of magic mapping {unknown}
Potions
 e - a potion of invisibility {unknown}
 g - a potion of mutation {unknown}
 k - a potion of might {unknown}
 m - 3 potions of flight {unknown}
 o - 2 potions of berserk rage {unknown}
 r - a potion of curing {unknown}
 z - a potion of haste {unknown}
Comestibles
 f - a bread ration
 u - 2 meat rations
 A - 2 fruits


   Skills:
 + Level 3.7(2.8) Fighting
 + Level 4.4(3.5) Long Blades
 - Level 1.7(0.9) Throwing
 - Level 2.4(1.5) Dodging


You had 3 spell levels left.
You didn't know any spells.

Dungeon Overview and Level Annotations

Branches:
Dungeon (3/15)

Altars:
Kikubaaqudgha
Uskayaw
Wu Jian


Innate Abilities, Weirdness & Mutations

You cannot wear boots.
Your serpentine skin is tough. (AC +1)
You have supernaturally acute eyesight. (SInv)
Armour fits poorly on your strangely shaped body.
Your system is resistant to poisons. (rPois)
You cover ground very slowly.
You have a slow metabolism.
You can spit poison.


Message History

The wight is severely damaged.
The wight misses you.
The wight hits you with an enchanted battleaxe!
You feel drained. The wight closely misses you.
You closely miss the wight.
The wight is severely damaged.
The wight barely misses you.
The wight hits you from afar with a spear!
You feel drained.
A wight comes into view. It is wielding a scimitar.
You closely miss the wight.
The wight is severely damaged.
The wight closely misses you.
The wight hits you from afar with a spear.
* * * LOW HITPOINT WARNING * * *
You closely miss the wight.
The wight is severely damaged.
The wight barely misses you.
The wight hits you with an enchanted battleaxe!
You die... ## ....... ##. ..... .#.. ..... ..... .... ......#.. .zz

......##.
#z######.......##.
#z..$....#......##
##@.# #.#.##...##
#...#####.#.##.....
#......##..........
#%..##.##.#........
###<##.##.#......##
#..........##.##
#######.#####.#
#.#####.# #.......#


You could see 4 wights.

Vanquished Creatures
  3 gnolls (D:2)
  2 adders
  2 oozes (D:2)
  A worm (D:2)
  A dart slug (D:2)
  4 leopard geckos
  2 orcs (D:3)
  A giant cockroach (D:1)
  5 goblins
  5 hobgoblins
  3 jackals (D:1)
  7 kobolds
  3 bats
  4 frilled lizards
  2 rats
45 creatures vanquished.

Vanquished Creatures (others)
  A human (D:2)
1 creature vanquished.

Grand Total: 46 creatures vanquished

Notes
Turn   | Place    | Note
-------+----------+-------------------------------------------
     0 | D:1      | Gerstahl the Naga Gladiator began the quest for the Orb.
     0 | D:1      | Reached XP level 1. HP: 19/19 MP: 1/1
   140 | D:1      | Reached XP level 2. HP: 12/27 MP: 2/2
   780 | D:2      | Reached XP level 3. HP: 22/33 MP: 3/3
   883 | D:2      | Found a hide-covered altar of Uskayaw.
  1177 | D:2      | Reached skill level 4 in Long Blades
  1177 | D:2      | Reached XP level 4. HP: 37/42 MP: 4/4
  1357 | D:2      | Found an ancient bone altar of Kikubaaqudgha.
  1440 | D:2      | Noticed a human
  1441 | D:2      | Killed a human
  1531 | D:2      | Noticed a dagger
  1535 | D:2      | Noticed a dagger
  1680 | D:3      | Found an ornate altar of the Wu Jian Council.
  1937 | D:3      | Slain by a wight

Vault maps used:
D:1:      mrwooster_arrival_statue_2
D:2:      dancing_weapons_uskayaw, tgw_kikubaaqudgha
D:3:      old_standard_altar, corexii_corridor_pit

Skill      XL: |  1  2  3 |
---------------+----------+-----
Fighting       | 3 |  3.7
Long Blades    | 4 |  4.4
Throwing       | |  1.7
Dodging        | |  2.4

Action                   |  1- 3 |  4- 6 || total
-------------------------+-------+-------++-------
Melee: Long sword        |    58 |    56 ||   114
 Abil: Spit Poison       |     6 |     1 ||     7
  Eat: Chunk             |       |     3 ||     3
Armor: Leather armour    |    14 |     8 ||    22
Dodge: Dodged            |    46 |    58 ||   104
       Rpst.: Long sword |    15 |    15 ||    30

Table legend:
 A = Spawn XP
 B = Non-spawn XP
 C = Spawn XP percentage of total XP
 D = Spawn monster count
 E = Non-spawn monster count
 F = Spawn count percentage of total count
 G = Total turns spent on level
                    A         B        C        D         E        F      G
               +---------+---------+-------+---------+---------+-------+---------
         Total |       0 |     161 |   0.0 |       0 |      45 |   0.0 |  1937
               +---------+---------+-------+---------+---------+-------+---------
           D:1 |       0 |      29 |   0.0 |       0 |      16 |   0.0 |   746
           D:2 |       0 |     101 |   0.0 |       0 |      20 |   0.0 |   852
           D:3 |       0 |      31 |   0.0 |       0 |       9 |   0.0 |   339
               +---------+---------+-------+---------+---------+-------+---------
